 Dungeon Crawl Stone Soup version 0.28-a0-706-gf6f64a616a (webtiles) character file.

Game seed: 16810924450990417215

60 spiderkeys the Digger (level 3, -3/27 HPs)
             Began as a Palentonga Earth Elementalist on Oct 25, 2021.
             Slain by a goblin (5 damage)
             ... led by Robin
             ... on level 2 of the Dungeon.
             The game lasted 00:02:41 (1743 turns).

spiderkeys the Digger (PaEE)                        Turns: 1743, Time: 00:02:42

Health: -3/27      AC:  4    Str: 11    XL:     3   Next: 82%
Magic:  6/6        EV: 10    Int: 22    God:
Gold:   103        SH:  0    Dex: 16    Spells: 5/6 levels left

rFire   . . .      SeeInvis +   i - staff of earth {!a}
rCold   . . .      Faith    .   (no shield)
rNeg    . . .      Spirit   .   b - +0 robe
rPois   .          Reflect  .   (no helmet)
rElec   .          Harm     .   (no cloak)
rCorr   .          Rampage  .   (no gloves)
Will    .....                   (no barding)
Stlth   ++........              (no amulet)
HPRegen 0.09/turn               I - +6 ring of intelligence
MPRegen 0.10/turn               D - +6 ring of dexterity

@: flying, very slightly contaminated
A: large, rugged brown scales 3, see invisible, deformed body, roll 1, armoured
tail
a: Rolling Charge


You were on level 2 of the Dungeon.
You visited 1 branch of the dungeon, and saw 2 of its levels.

You collected 103 gold pieces.


Innate Abilities, Weirdness & Mutations

You are completely covered in rugged brown scales. (AC +3, +7% HP)
You have supernaturally acute eyesight. (SInv)
Armour fits poorly on your strangely shaped body.
You can roll at nearby foes to attack.
You have a long armoured tail.


   Skills:
 + Level 1.2 Fighting
 + Level 2.0 Dodging
 - Level 1.3 Stealth
 + Level 2.4 Spellcasting
 + Level 1.8 Transmutations
 + Level 3.1 Earth Magic


You had 5 spell levels left.
You knew the following spells:

 Your Spells              Type           Power      Damage    Failure   Level
z - Sandblast             Erth           48%        2d12      3%          1

Your spell library contained the following spells:

 Spells                   Type           Power      Damage    Failure   Level
 Beastly Appendage        Tmut           20%        N/A       6%          1
 Passwall                 Tmut/Erth      16%        N/A       8%          2
 Wereblood                Tmut           10%        N/A       10%         2
 Stone Arrow              Conj/Erth      28%        3d8       21%         3
 Spider Form              Tmut/Pois      3%         N/A       26%         3
 Petrify                  Tmut/Erth      20%        N/A       43%         4

Inventory:

Missiles
 c - 83 stones
 f - 9 sling bullets
Armour
 b - a +0 robe (worn)
 h - a +0 ring mail of fire resistance
   (You found it on level 1 of the Dungeon)
Magical Staves
 i - a staff of earth (weapon) {!a}
   (You found it on level 1 of the Dungeon)
Jewellery
 D - a +6 ring of dexterity (right hand)
   (You found it on level 2 of the Dungeon)
 I - a +6 ring of intelligence (left hand)
   (You found it on level 2 of the Dungeon)
Scrolls
 a - a scroll of noise {unknown}
 d - a scroll of identify {unknown}
 e - a scroll of acquirement {unknown}
 g - a scroll of blinking {unknown}
 k - a scroll of vulnerability {unknown}
Potions
 j - a potion of flight

Dungeon Overview and Level Annotations

Branches:
Dungeon (2/15)

Altars:

Annotations:
D:2 Robin

### ... #.# ..# #.# #.# #
########
###.###.#.##......# ###
....)...#..'...g..# #..
###.......##..gg@.## #..
######..##..gggg.# #..
.##...g.g.############..
...................#.....
.########.......##.#.##..
#..'.......##.......
#.##.......##.#...#.
#############.......
#...#.##


You could see Robin, 2 hobgoblins and 6 goblins.


Message History

A worm comes into view.
A worm is nearby!
You hit the worm. You hit the worm.
Your tail-slap misses the worm.
The worm barely misses you.
You hit the worm. The worm barely misses you.
You hit the worm. The worm bites you. 😕 HP[-2]
You take 2 damage, and now have 25/27 hp.
You hit the worm. You tail-slap the worm.
You kill the worm!
No target in view!
No target in view!
Key pressed, stopping explore.
There is an open door here.
There is an open door here. 😎 HP[+2]
Your hp is fully restored (27).
There are monsters nearby!
A goblin comes into view. It is wielding a +0 spear.
You barely miss the goblin.
The goblin shouts!
You hear a shout! x3
A goblin comes into view. It is wielding a +0 club.
You feel a surge of power!
The blast of sand hits Robin but does no damage.
Robin shouts!
The goblin shouts!
The goblin unwields a +0 hunting sling.
The goblin wields a +0 club.
The goblin misses you. Robin closely misses you. 😎 MP[-1]
You lost 1 mp, and now have 5/6 mp.
You feel a surge of power!
The blast of sand hits Robin.
The goblin hits you with a +0 club.
Robin throws the goblin at you! 😕 HP[-2] MP[-1]
You take 2 damage, and now have 25/27 hp.
You lost 1 mp, and now have 4/6 mp.
Casting: Sandblast (safe; 3% risk of failure)
Confirm with . or Enter, or press ? or * to list all spells.
Aiming: Sandblast (safe; 3% risk of failure)
Press: ? - help, Shift-Dir - straight line, f/p - Robin
Aim: Robin, wielding a +0 mace of protection, wearing a +0 animal skin and wearing a +0 helmet (lightly wounded, 86% to hit)
You feel a surge of power!
The blast of sand hits Robin.
The goblin hits you but does no damage.
Robin throws the goblin at you! 😕 HP[+1] MP[-1]
You lost 1 mp, and now have 3/6 mp.
Casting: Sandblast (safe; 3% risk of failure)
Confirm with . or Enter, or press ? or * to list all spells.
Aiming: Sandblast (safe; 3% risk of failure)
Press: ? - help, Shift-Dir - straight line, f/p - Robin
Aim: Robin, wielding a +0 mace of protection, wearing a +0 animal skin and wearing a +0 helmet (heavily wounded, 86% to hit)
You feel a surge of power!
You miscast Sandblast.
You are very lightly contaminated with residual magic.
Nothing appears to happen.
The goblin closely misses you. The goblin hits you but does no damage.
Robin roars a battlecry!
The goblins go into a battle-frenzy! 😕 MP[-1]
You lost 1 mp, and now have 2/6 mp.
Casting: Sandblast (safe; 3% risk of failure)
Confirm with . or Enter, or press ? or * to list all spells.
Aiming: Sandblast (safe; 3% risk of failure)
Press: ? - help, Shift-Dir - straight line, f/p - Robin
Aim: Robin, wielding a +0 mace of protection, wearing a +0 animal skin and wearing a +0 helmet (heavily wounded, 86% to hit)
You feel a surge of power!
The blast of sand hits Robin but does no damage.
The goblin closely misses you.
The goblin hits you from afar with a +0 spear.
The goblin closely misses you.
Robin throws the goblin at you! 😕 HP[-5] MP[-1]
You take 5 damage, and now have 21/27 hp.
You lost 1 mp, and now have 1/6 mp.
The goblin barely misses you. x2; The goblin unwields a +0 club.
The goblin wields a +0 hunting sling.
The goblin shoots a stone.
The stone hits you.
Robin hits you but does no damage. 😮 HP[-1]
You take 1 damage, and now have 20/27 hp.
The goblin hits you from afar with a +0 spear.
The goblin hits you with a +0 club.
* * * LOW HITPOINT WARNING * * *
The goblin hits you with a +0 club.
* * * LOW HITPOINT WARNING * * *
Robin throws the goblin at you! 😨 HP[-12]
You take 12 damage, and now have 8/27 hp.
MASSIVE DAMAGE!! (PAUSE)
The goblin barely misses you. The goblin hits you with a +0 club.
* * * LOW HITPOINT WARNING * * *
😱 HP[-2]
You take 2 damage, and now have 6/27 hp.
It was a potion of flight.
You feel very buoyant.
You fly up into the air.
The goblin barely misses you.
The goblin unwields a +0 hunting sling.
The goblin wields a +0 club.
The goblin closely misses you. The goblin hits you with a +0 club.
* * * LOW HITPOINT WARNING * * *
The goblin closely misses you. x2 😱 HP[-4]
You take 4 damage, and now have 2/27 hp.
It was a potion of magic.
Magic courses through your body. The goblin hits you but does no damage.
The goblin hits you with a +0 club.
You die...

Skill      XL: |  1  2 |
---------------+-------+-----
Fighting       | 1 |  1.2
Dodging        | 2 |  2.0
Earth Magic    | 3 |  3.1
Stealth        | |  1.3
Spellcasting   | |  2.4
Transmutations | |  1.8

Action                   || total
-------------------------++-------
Melee: Staff             ||    18
       Tailslap          ||     2
 Cast: Sandblast         ||    35
  Use: Potion            ||     2
Armor: Ring mail         ||     1
       Robe              ||    13
Dodge: Dodged            ||    24

Levels and vault maps discovered:
D:1:      heliophobic_arrival_enchanted_forest, layout_loops_cross,
          basic_ecumenical_altar, hangedman_decor_opposing
D:2:      layout_basic, uniq_terence, uniq_robin, uniq_crazy_yiuf_cottage

Notes
Turn   | Place    | Note
-------+----------+-------------------------------------------
     0 | D:1      | spiderkeys the Palentonga Earth Elementalist began the
                  | quest for the Orb.
     0 | D:1      | Reached XP level 1. HP: 13/13 MP: 3/3
     0 | D:1      | magus.rc [v1.9.10]
   143 | D:1      | You pick up a book of Changes and begin reading...
   143 | D:1      | You add the spells Beastly Appendage, Wereblood and Spider
                  | Form to your library.
   332 | D:2      | Noticed Terence
   332 | D:2      | Noticed Robin
   662 | D:1      | Found a faded altar of an unknown god.
   937 | D:2      | Reached XP level 2. HP: 20/20 MP: 1/5
  1199 | D:2      | Killed Terence
  1200 | D:2      | Reached skill level 1 in Fighting
  1200 | D:2      | Reached skill level 2 in Dodging
  1200 | D:2      | Reached skill level 3 in Earth Magic
  1200 | D:2      | Reached XP level 3. HP: 17/27 MP: 1/6
  1741 | D:2      | HP: 6/27 [goblin[Robin] (2)]
  1742 | D:2      | HP: 2/27 [goblin[Robin] (4)]
  1743 | D:2      | Slain by a goblin

Vanquished Creatures
  Terence (D:2)
  An adder (D:2)
  2 worms (D:2)
  An endoplasm (D:1)
  5 goblins (D:2)
  5 hobgoblins
  A quokka (D:2)
  A ball python (D:2)
  A kobold (D:2)
  2 rats
20 creatures vanquished.

Vanquished Creatures (others)
  3 fungi (D:2)
3 creatures vanquished.

Grand Total: 23 creatures vanquished

Table legend:
 A = Non-vault XP
 B = Vault XP
 C = Vault XP percentage of total XP
 D = Non-vault monster count
 E = Vault monster count
 F = Vault count percentage of total count
                 A         B        C        D         E       F
            +---------+---------+-------+---------+---------+-------
      Total |      44 |      43 |  49.4 |      15 |       5 |  25.0
            +---------+---------+-------+---------+---------+-------
        D:1 |       5 |       0 |   0.0 |       3 |       0 |   0.0
        D:2 |      39 |      43 |  52.4 |      12 |       5 |  29.4
            +---------+---------+-------+---------+---------+-------

Illustrated notes

Table legend:
 A = Kills in this place as a percentage of kills in entire the game.
 B = Kills by you in this place as a percentage of kills by you in the entire game.
 C = Kills by friends in this place as a percentage of kills by friends in the entire game.
 D = Other kills in this place as a percentage of other kills in the entire game.
 E = Experience gained in this place as a percentage of experience gained in the entire game.
 F = Experience gained in this place divided by the number of levels of this place that you have seen.
                   A       B       C       D       E      F
               +-------+-------+-------+-------+-------+----------------------
         Total | 100.0 | 100.0 |   N/A |   N/A | 100.0 |  43.5
       Dungeon | 100.0 | 100.0 |   N/A |   N/A | 100.0 |  43.5
               +-------+-------+-------+-------+-------+----------------------

Table legend: (Time is in decaauts)
 A = Elapsed time spent in this place.
 B = Non-inter-level travel time spent in this place.
 C = Inter-level travel time spent in this place.
 D = Time resting spent in this place.
 E = Time spent auto-exploring this place.
 F = Levels seen in this place.
 G = Mean time per level.
                   A        B        C        D        E       F      G
               +--------+--------+--------+--------+--------+-----+--------+
         Total |   1746 |   1700 |     46 |    157 |   1325 |   2 |  873.0 |
       Dungeon |   1746 |   1700 |     46 |    157 |   1325 |   2 |  873.0 |
               +--------+--------+--------+--------+--------+-----+--------+

Top non-repeatable levels by time:
     D:1: 888 daAuts
     D:2: 858 daAuts
